 Dungeon Crawl Stone Soup version 0.17-a0-1951-g62301d3 (webtiles) character file.

147 Kuldar the Magician (level 5, -8/28 HPs)
             Began as a Deep Elf Wizard on Oct 3, 2015.
             Was an Initiate of Vehumet.
             Mangled by a river rat (9 damage)
             ... in a sewer.
             The game lasted 00:11:27 (2519 turns).

Kuldar the Magician (Deep Elf Wizard)               Turns: 2519, Time: 00:11:27

Health: -8/28      AC:  2    Str:  4    XL:     5   Next: 7%
Magic:  2/15       EV: 12    Int: 29    God:    Vehumet [......]
Gold:   83         SH:  4    Dex: 13    Spells: 5 memorised, 5 levels left

rFire  . . .     SeeInvis .     p - +2 dagger (drain)
rCold  . . .     Clarity  .     a - +0 robe
rNeg   . . .     SustAt   .     r - +0 buckler
rPois  .         Gourm    .     b - +0 hat
rElec  .         Spirit   .     (no cloak)
rCorr  .         Warding  .     (no gloves)
rMut   .         Rnd*Tele +     (no boots)
MR     .....                    (no amulet)
Stlth  ++........               (no ring)
                                i - ring of teleportation (curse)

@: brilliant, not resistant to hostile enchantments, unstealthy
A: no striking features
a: Renounce Religion, Evoke Teleportation


You were in a sewer.
You worshipped Vehumet.
Vehumet was noncommittal.
You were hungry.

You visited 1 branch of the dungeon, and saw 3 of its levels.
You also visited: Sewer.

You collected 83 gold pieces.

Inventory:

Hand weapons
 p - a +2 dagger of draining (weapon)
Armour
 a - a +0 robe (worn)
 b - a +0 hat (worn)
 r - a +0 buckler (worn)
Jewellery
 i - a cursed ring of teleportation (left hand)
Scrolls
 e - 2 scrolls of remove curse {unknown}
 g - a scroll of noise {unknown}
 h - 2 scrolls of enchant armour {unknown}
 k - a scroll of immolation {unknown}
 l - 3 scrolls of fear {unknown}
 m - a scroll of recharging {unknown}
 o - 2 scrolls of enchant weapon {unknown}
 v - a scroll of blinking {unknown}
Books
 c - a book of Minor Magic

   Spells                             Type                      Level
   a - Magic Dart                     Conjuration                  1
   b - Blink                          Translocation                2
   c - Call Imp                       Summoning                    2
   d - Repel Missiles                 Charms/Air                   2
   e - Slow                           Hexes                        2
   f - Conjure Flame                  Conjuration/Fire             3
   g - Mephitic Cloud                 Conjuration/Poison/Air       3
Comestibles
 d - 4 bread rations
 f - 2 meat rations
 t - a beef jerky
 w - 4 chunks of flesh


   Skills:
 - Level 2.4 Dodging
 - Level 2.4 Stealth
 - Level 1.0 Shields
 * Level 6.2 Spellcasting
 * Level 3.7 Conjurations
   Level 1.1 Summonings
 - Level 1.1 Translocations


You had 5 spell levels left.
You knew the following spells:

 Your Spells              Type           Power        Failure   Level  Hunger
a - Magic Dart            Conj           ####         1%          1    None
b - Blink                 Tloc           N/A          1%          2    None
c - Repel Missiles        Chrm/Air       ####..       1%          2    None
e - Conjure Flame         Conj/Fire      #####...     1%          3    None
h - Mephitic Cloud        Conj/Pois/Air  ####....     2%          3    None


Dungeon Overview and Level Annotations

Branches:
Dungeon (3/15)

Altars:
Vehumet

Annotations:
D:3 Grinder


Message History

It was a potion of brilliance.
You feel clever all of a sudden.
Unknown command.
Casting: Magic Dart
Confirm with . or Enter, or press ? or * to list all spells.
Aiming: Magic Dart
Press: ? - help, Shift-Dir - straight line, f - river rat
Aim: a river rat
Okay, then.
You hit the river rat but do no damage. The river rat bites you.
* * * LOW HITPOINT WARNING * * *
Unknown command.
You hit the river rat but do no damage. The river rat barely misses you.
Casting: Magic Dart
Confirm with . or Enter, or press ? or * to list all spells.
Aiming: Magic Dart
Press: ? - help, Shift-Dir - straight line, f - river rat
Aim: a river rat The magic dart hits the river rat.
The river rat bites you!
You die... ############### #@rrr∩.∩......≈ ###############

You could see 2 river rats and a rat.

Vanquished Creatures
  Robin (D:2)
  A river rat (D:3)
  4 adders
  2 worms
  4 giant geckos
  5 bats
  8 hobgoblins
  8 jackals
  5 ball pythons
  4 giant cockroaches
  4 giant newts
  19 goblins
  5 kobolds
  11 rats
81 creatures vanquished.

Notes
Turn   | Place    | Note
--------------------------------------------------------------
     0 | D:1      | Kuldar the Deep Elf Wizard began the quest for the Orb.
     0 | D:1      | Reached XP level 1. HP: 10/10 MP: 7/7
   141 | D:1      | Reached XP level 2. HP: 15/15 MP: 1/9
   527 | D:1      | Reached skill level 5 in Spellcasting
   757 | D:1      | Reached XP level 3. HP: 19/19 MP: 8/11
  1221 | D:2      | Noticed Robin
  1418 | D:2      | Reached XP level 4. HP: 24/24 MP: 10/13
  1450 | D:2      | Killed Robin
  2127 | D:2      | Reached skill level 1 in Shields
  2178 | D:2      | Learned a level 2 spell: Blink
  2181 | D:2      | Learned a level 2 spell: Repel Missiles
  2185 | D:2      | Learned a level 3 spell: Mephitic Cloud
  2189 | D:2      | Learned a level 3 spell: Conjure Flame
  2249 | D:3      | Found a radiant altar of Vehumet.
  2261 | D:3      | Became a worshipper of Vehumet
  2280 | D:3      | Noticed Grinder
  2408 | D:3      | Reached skill level 6 in Spellcasting
  2420 | D:3      | Found a glowing drain.
  2496 | D:3      | Reached XP level 5. HP: 2/28 MP: 0/15
  2504 | Sewer    | Entered a sewer
  2517 | Sewer    | HP: 1/28 [river rat (3)]
  2519 | Sewer    | Mangled by a river rat

Vault maps used:
D:1:      lemuel_arrival_broad_hall, roderic_lattice_a, minmay_ruptured
D:2:      first_bread, uniq_robin
D:3:      fiery_altar_vehumet, ecumenical_altar_1, portal_sewer_entry_b,
          uniq_grinder
Sewer:    sewer_kobolds

Action                   |  1- 3 |  4- 6 || total
-------------------------+-------+-------++-------
Melee: Club              |     5 |       ||     5
       Dagger            |       |    11 ||    11
 Cast: Magic Dart        |   105 |    95 ||   200
  Use: Potion            |       |     5 ||     5
 Stab: Distracted        |     1 |       ||     1
  Eat: Chunk             |     1 |     3 ||     4
